 Dungeon Crawl Stone Soup version 0.23.2-30-g0e89c35 (webtiles) character file.

Game seed: 13893380100434881385

131 prey the Sneak (level 4, -1/21 HPs)
             Began as a Spriggan Enchanter on June 21, 2019.
             Killed by divine providence
             ... invoked by an orc priest
              (15 damage)
             ... on level 3 of the Dungeon on June 22, 2019.
             The game lasted 00:08:20 (3574 turns).

prey the Sneak (Spriggan Enchanter)                 Turns: 3574, Time: 00:08:21

Health: -1/21      AC:  2    Str:  5    XL:     4   Next: 91%
Magic:  9/9        EV: 20    Int: 16    God:
Gold:   116        SH:  0    Dex: 16    Spells: 7/8 levels left

rFire    . . .     SeeInvis +   a - +1 dagger
rCold    . . .     Gourm    .   (shield restricted)
rNeg     . . .     Faith    .   b - +0 robe
rPois    .         Spirit   .   (helmet restricted)
rElec    .         Reflect  .   (no cloak)
rCorr    .         Harm     .   (gloves unavailable)
MR       .....                  (boots unavailable)
Stlth    +++.......             (no amulet)
HPRegen  0.07/turn              (no ring)
MPRegen  0.11/turn              (no ring)

@: very quick
A: very small, unfitting armour, see invisible, herbivore, speed 3, slow
metabolism 2
a: no special abilities


You were on level 3 of the Dungeon.
You were very hungry.

You visited 1 branch of the dungeon, and saw 3 of its levels.

You collected 116 gold pieces.

Inventory:

Hand Weapons
 a - a +1 dagger (weapon)
 q - a +0 hunting sling
Missiles
 h - 116 stones (quivered)
Armour
 b - a +0 robe (worn)
Scrolls
 f - 2 scrolls of identify {unknown}
 i - 2 scrolls of teleportation {unknown}
 j - a scroll of enchant armour {unknown}
 k - a scroll of remove curse {unknown}
Potions
 c - a potion of lignification {unknown}
 e - a potion of ambrosia {unknown}
 g - a potion of degeneration {unknown}
Comestibles
 d - 5 rations


   Skills:
 + Level 2.4 Short Blades
 * Level 5.2 Dodging
 * Level 6.4 Stealth
 - Level 2.6 Spellcasting
 - Level 3.6 Hexes


You had 7 spell levels left.
You knew the following spells:

 Your Spells              Type           Power        Failure   Level  Hunger
a - Corona                Hex            ##.....      4%          1    #......

Your spell library contained the following spells:

 Spells                   Type           Power        Failure   Level  Hunger
 Confuse                  Hex            ##......     13%         3    ###....
 Tukima's Dance           Hex            ##......     13%         3    ###....
 Ensorcelled Hibernation  Hex/Ice        #.....       14%         2    ##.....
 Dazzling Spray           Conj/Hex       #.....       28%         3    ###....


Dungeon Overview and Level Annotations

Branches:
Dungeon (3/15)

Altars:
Ashenzari
Hepliaklqana
Okawaru
Qazlal
Wu Jian

Portals:
Sewer: D:3


Innate Abilities, Weirdness & Mutations

You are very small and have problems with some larger weapons.
You are too small for most types of armour.
You have supernaturally acute eyesight. (SInv)
You are a herbivore.
You cover ground extremely quickly.
You need to consume almost no food.


Message History

The orc priest shouts!
You hear a shout! x2
The orc completely misses you.
You hit the orc.
The orc is lightly wounded.
You hit the orc but do no damage.
The orc is lightly wounded.
The orc misses you.
You hit the orc.
The orc is heavily wounded.
You hit the orc but do no damage.
The orc is heavily wounded.
The orc closely misses you.
You hit the orc but do no damage.
The orc is heavily wounded.
The orc priest hits you with a +0 dagger.
The orc misses you.
The orc priest mumbles some strange prayers to Beogh against you.
Beogh smites you!
Ouch! That really hurt!
You die...

#.###..# ##..#####
#.#.#.#####..o.†..#
#.†.......<.o###>#
#.##.#####.#o###.#
#)##.#####....##.#
#....##....†o.##.#
###..##.##....##.#
#..##.##.#####.#
#.@##o.#.## #.#
#.#######...oo....# #..
#.....††...o#o.≈#...#
########....≈≈≈≈≈......
#..#≈≈≈≈≈≈≈#.[..
#...≈≈≈≈≈≈≈≈.###
#...≈≈≈∩≈≈≈....
##.≈≈≈≈≈≈≈≈≈...
#.#≈≈≈≈≈≈≈#..#


You could see an orc priest and 3 orcs.

Vanquished Creatures
  A hound zombie (D:3)
  2 worker ant zombies
  An adder (D:2)
  3 worms (D:2)
  2 dart slugs
  4 leopard geckos
  3 ball pythons
  6 bats
  4 giant cockroaches
  7 goblins
  10 jackals
  9 kobolds
  A quokka (D:2)
  A frilled lizard (D:1)
  16 rats
70 creatures vanquished.

Notes
Turn   | Place    | Note
-------+----------+-------------------------------------------
     0 | D:1      | prey the Spriggan Enchanter began the quest for the Orb.
     0 | D:1      | Reached XP level 1. HP: 9/9 MP: 5/5
   133 | D:1      | Reached XP level 2. HP: 13/13 MP: 6/6
   179 | D:1      | Reached skill level 5 in Stealth
   702 | D:1      | Reached XP level 3. HP: 16/16 MP: 8/8
  2317 | D:2      | Reached XP level 4. HP: 16/21 MP: 9/9
  2470 | D:2      | Reached skill level 6 in Stealth
  2814 | D:2      | Found an iron altar of Okawaru.
  2816 | D:2      | Found a stormy altar of Qazlal.
  2818 | D:2      | Found an ornate altar of the Wu Jian Council.
  2818 | D:2      | Found a hazy altar of Hepliaklqana.
  2818 | D:2      | Found a shattered altar of Ashenzari.
  3445 | D:3      | Reached skill level 5 in Dodging
  3474 | D:3      | Found a glowing drain.
  3574 | D:3      | Killed from afar by an orc priest

Skill      XL: |  1  2  3  4 |
---------------+-------------+-----
Stealth        | 5 6 |  6.4
Dodging        | 4 5 |  5.2
Short Blades   | 2 |  2.4
Spellcasting   | |  2.6
Hexes          | |  3.6

Action                   |  1- 3 |  4- 6 || total
-------------------------+-------+-------++-------
Melee: Dagger            |   209 |   165 ||   374
 Fire: Hunting sling     |     6 |     9 ||    15
 Cast: Corona            |     3 |     9 ||    12
 Stab: Sleeping          |    19 |     5 ||    24
Armor: Robe              |     7 |     9 ||    16
Dodge: Dodged            |   180 |   153 ||   333
